 Dungeon Crawl Stone Soup version 0.25-a0-237-g0889b22 (webtiles) character file.

Game seed: 491204204120504434, levelgen mode: deterministic

172 HungryMoth the Changer (level 5, -1/40 HPs)
             Began as a Draconian Transmuter on Dec 2, 2019.
             Slain by a hippogriff (8 damage)
             ... on level 3 of the Dungeon.
             The game lasted 00:06:13 (2038 turns).

HungryMoth the Changer (Draconian Transmuter)       Turns: 2038, Time: 00:06:13

Health: -1/40      AC:  5    Str: 12    XL:     5   Next: 27%
Magic:  4/10       EV: 12    Int: 13    God:
Gold:   104        SH:  0    Dex: 13    Spells: 0/11 levels left

rFire    . . .     SeeInvis .     - Unarmed
rCold    . . .     Gourm    .   (no shield)
rNeg     . . .     Faith    .   (armour unavailable)
rPois    .         Spirit   .   (helmet restricted)
rElec    .         Reflect  .   (no cloak)
rCorr    .         Harm     .   (no gloves)
MR       .....                  (no boots)
Stlth    +.........             (no amulet)
HPRegen  0.13/turn              (no ring)
MPRegen  0.12/turn              (no ring)

@: appendage
A: unfitting armour, horns 2, cold-blooded, AC +5
a: End Transformation


You were on level 3 of the Dungeon.
You were not hungry.
You had grown temporary horns.
You visited 1 branch of the dungeon, and saw 3 of its levels.

You collected 104 gold pieces.

Inventory:

Missiles
 a - 24 arrows
Potions
 e - 2 potions of magic
 h - 3 potions of curing
 j - a potion of brilliance
Comestibles
 c - 4 rations


   Skills:
 - Level 1.1 Fighting
 - Level 1.7 Dodging
 + Level 3.7 Unarmed Combat
 * Level 3.5 Spellcasting
 * Level 3.8 Transmutations


You couldn't memorise any spells.
You knew the following spells:

 Your Spells              Type           Power        Failure   Level  Hunger
a - Beastly Appendage     Tmut           ##....       4%          1    #......
b - Sticks to Snakes      Tmut           ##......     7%          2    ##.....
c - Spider Form           Tmut/Pois      #.........   30%         3    ###....
d - Blade Hands           Tmut           ##........   77%         5    ######.

Your spell library contained the following spells:

 Spells                   Type           Power        Failure   Level  Hunger
 Ice Form                 Ice/Tmut       #.......     69%         4    #####..


Dungeon Overview and Level Annotations

Branches:
Dungeon (3/15)

Altars:


Innate Abilities, Weirdness & Mutations

Your plain brown scales are hard. (AC +5)
You cannot fit into any form of body armour.
You are cold-blooded and may be slowed by cold attacks.
You have a pair of horns on your head.


Message History

The hippogriff is lightly wounded.
Your adder bites the hippogriff.
The hippogriff closely misses you. x2
The hippogriff claws you.
* * * LOW HITPOINT WARNING * * *
Your ball python barely misses the hippogriff.
Your adder bites the hippogriff.
Your ball python bites the hippogriff but does no damage.
You barely miss the hippogriff.
The hippogriff is moderately wounded.
Your adder bites the hippogriff.
Your ball python bites the hippogriff.
The hippogriff completely misses you. The hippogriff pecks you.
* * * LOW HITPOINT WARNING * * *
The hippogriff claws you.
* * * LOW HITPOINT WARNING * * *
Your adder barely misses the hippogriff.
You hit the hippogriff.
The hippogriff is moderately wounded.
Your ball python bites the hippogriff.
Your adder bites the hippogriff.
The hippogriff bites you!
You die...

#.#.##..)......
#)#.##.#.......
##.#.#..########
######......##
..........###
#####...<#
####...#####
#..........##
#.....@.....##
#....SHS.....#
####.........#
#.........#
#......<..#
..........#
...........#
###.........#
#.........#


You could see a hippogriff, a friendly adder and a friendly ball python.

Vanquished Creatures
  Terence (D:2)
  Natasha (thrice) (D:2)
  Robin (D:2)
  An adder (D:3)
  An ooze (D:1)
  A leopard gecko (D:1)
  3 orcs
  7 bats
  2 giant cockroaches (D:1)
  13 goblins
  6 hobgoblins
  3 frilled lizards (D:1)
  A kobold (D:1)
  7 rats
50 creatures vanquished.

Notes
Turn   | Place    | Note
-------+----------+-------------------------------------------
     0 | D:1      | HungryMoth the Draconian Transmuter began the quest for the
                  | Orb.
     0 | D:1      | Reached XP level 1. HP: 16/16 MP: 3/3
   117 | D:1      | Reached XP level 2. HP: 22/23 MP: 3/5
   641 | D:2      | Noticed Terence
   645 | D:2      | Learned a level 2 spell: Sticks to Snakes
   655 | D:2      | Killed Terence
   655 | D:2      | Reached XP level 3. HP: 22/28 MP: 0/7
   849 | D:2      | Noticed Robin
   895 | D:2      | Reached XP level 4. HP: 25/35 MP: 6/8
  1024 | D:2      | Noticed Natasha
  1032 | D:2      | Killed Natasha
  1237 | D:2      | Noticed Natasha
  1246 | D:2      | Killed Natasha
  1266 | D:2      | Noticed Natasha
  1274 | D:2      | Killed Natasha
  1274 | D:2      | Reached XP level 5. HP: 23/40 MP: 7/10
  1332 | D:2      | Killed Robin
  1549 | D:3      | Noticed a hippogriff
  1569 | D:2      | Learned a level 3 spell: Spider Form
  1575 | D:2      | Learned a level 5 spell: Blade Hands
  2038 | D:3      | Slain by a hippogriff

Levels and vault maps discovered:
D:1:      saegor_arrival_miasma, layout_loops_ring
D:2:      layout_rooms, uniq_robin, uniq_natasha, uniq_terence
D:3:      layout_rooms, nicolae_overflow_hidden_temple

Skill      XL: |  1  2  3 |
---------------+----------+-----
Transmutations | 3 |  3.8
Spellcasting   | 3 |  3.5
Fighting       | |  1.1
Dodging        | |  1.7
Unarmed Combat | |  3.7

Action                   |  1- 3 |  4- 6 || total
-------------------------+-------+-------++-------
Melee: Unarmed           |   101 |    53 ||   154
       Headbutt          |     5 |     3 ||     8
       Punch             |     2 |       ||     2
       Tailslap          |     5 |     5 ||    10
       Kick              |     3 |     6 ||     9
 Cast: Beastly Appendage |     7 |     7 ||    14
       Sticks to Snakes  |     2 |     3 ||     5
  Use: Scroll            |       |     4 ||     4
       Potion            |       |     1 ||     1
 Stab: Distracted        |     1 |       ||     1
  Eat: Chunk             |       |     4 ||     4
Armor: Skin              |    22 |    10 ||    32
Dodge: Dodged            |    52 |    25 ||    77

Table legend:
 A = Non-vault XP
 B = Vault XP
 C = Vault XP percentage of total XP
 D = Non-vault monster count
 E = Vault monster count
 F = Vault count percentage of total count
                 A         B        C        D         E       F
            +---------+---------+-------+---------+---------+-------
      Total |     138 |     108 |  43.9 |      35 |      15 |  30.0
            +---------+---------+-------+---------+---------+-------
        D:1 |      35 |       0 |   0.0 |      19 |       0 |   0.0
        D:2 |      84 |     108 |  56.2 |      12 |      15 |  55.6
        D:3 |      19 |       0 |   0.0 |       4 |       0 |   0.0
            +---------+---------+-------+---------+---------+-------
